 Dungeon Crawl Stone Soup version 0.31.0-12-g77e489cdc1 (webtiles) character file.

Game seed: 15098759734846509756

16 ChromefareZ the Trooper (level 2, 0/24 HPs)
             Began as a Human Berserker on Feb 20, 2024.
             Was a Follower of Trog.
             Slain by a hobgoblin (2 damage)
             ... on level 2 of the Dungeon.
             The game lasted 00:10:57 (684 turns).

ChromefareZ the Trooper (Human Berserker)            Turns: 684, Time: 00:10:58

Health: 0/24       AC:  8    Str: 17    XL:     2   Next: 58%
Magic:  2/2        EV:  8    Int:  7    God:    Trog [*.....]
Gold:   27         SH:  0    Dex: 12    Spells: 1/1 levels left

rFire   . . .        e - +0 dagger
rCold   . . .        (no shield)
rNeg    . . .        o - +0 chain mail
rPois   .            (no helmet)
rElec   .            (no cloak)
rCorr   .            (no gloves)
SInv    .            (no boots)
Will    .....        (no amulet) Stlth
                     (no ring)
HPRegen 0.24/turn    (no ring)
MPRegen 0.08/turn

%: no passive effects
@: no status effects
A: explore regen
a: Renounce Religion, Berserk


You were on level 2 of the Dungeon.
You worshipped Trog.
Trog was aware of your devotion.
You visited 1 branch of the dungeon, and saw 3 of its levels.

You collected 27 gold pieces.

Inventory:

Hand Weapons
 a - a +0 hand axe
 e - a +0 dagger (weapon)
 l - a +0 flail of venom
 n - a +0 club
 s - a +0 sling
 t - a +0 whip
Armour
 b - a +0 animal skin
 k - a +0 robe
 o - a +0 chain mail (worn)
Talismans
 d - a maw talisman
Scrolls
 c - a scroll of brand weapon {unknown}
 h - a scroll of enchant armour {unknown}
 j - a scroll of noise {unknown}
 m - a scroll of identify {unknown}
 p - a scroll of immolation {unknown}
 r - 2 scrolls of enchant weapon {unknown}
Potions
 f - a potion of enlightenment {unknown}
 g - 2 potions of curing {unknown}
 i - a potion of haste {unknown}
 q - a potion of attraction {unknown}


   Skills:
 + Level 3.4 Fighting
 + Level 3.2(3.3) Axes
 + Level 0.3(2.0) Maces & Flails
 + Level 2.0 Armour
 + Level 2.0 Dodging


You had one spell level left.
You didn't know any spells.
Your spell library was empty.

Dungeon Overview and Level Annotations

Branches:
Dungeon (3/15)

Altars:
Elyvilon

Shops:
D:3 =


Innate Abilities, Weirdness & Mutations

You regain HP and MP as you explore.


Message History

The kobold attacks as it pursues you! The kobold hits you with a +0 club.
The rat bites you but does no damage.
You hit the kobold but do no damage. The quokka bites you.
The rat closely misses you.
You hit the kobold but do no damage. The kobold barely misses you.
The quokka bites you but does no damage.
The ball python closely misses you. The ball python grabs you.
The ball python constricts you. The rat bites you but does no damage.
You closely miss the kobold. The quokka barely misses you.
The ball python closely misses you. The ball python constricts you.
The kobold hits you but does no damage.
The quokka bites you but does no damage.
The rat bites you but does no damage.
The ball python bites you but does no damage.
The ball python constricts you.
You barely miss the kobold. The kobold completely misses you.
The quokka bites you.
The ball python bites you but does no damage.
The ball python constricts you. The rat barely misses you.
You closely miss the kobold. The kobold hits you but does no damage.
The quokka closely misses you. The ball python closely misses you.
The ball python constricts you. The rat bites you.
You miss the kobold. The kobold barely misses you. The quokka bites you.
The ball python bites you but does no damage.
The ball python constricts you. The rat bites you but does no damage.
You hit the kobold.
You kill the kobold!
Trog accepts your kill. The quokka bites you.
* * * LOW HITPOINT WARNING * * *
The ball python bites you.
* * * LOW HITPOINT WARNING * * *
The ball python constricts you. The rat bites you but does no damage.
You escape the ball python's grasp.
The ball python attacks as it pursues you!
The ball python bites you but does no damage.
The ball python barely misses you.
The quokka bites you but does no damage.
The quokka barely misses you. The hobgoblin hits you.
You die...

##### #...# #...######
####### #........#
##.....#####........####
.+.....................#
##.....# #...S....#
#.### ##.....#
#.rwr@$..# ....
##.....#####...g...$#
#######
.......w................
.......
##.†...########.....###.
###### ...........#
........ # ...........#
.........# .## #
......w....# .........#
...## #
...........##.........#
#....# ...........#
#)...#


You could see a ribbon worm, a quokka, a hobgoblin, a ball python and a rat.

Vanquished Creatures
  A dart slug (D:3)
  2 endoplasms
  4 goblins
  2 kobolds
  A quokka (D:2)
  2 bats
  A rat (D:2)
13 creatures vanquished.

Notes
Turn   | Place    | Note
-------+----------+-------------------------------------------
     0 | D:1      | ChromefareZ the Human Berserker began the quest for the
                  | Orb.
     0 | D:1      | Reached XP level 1. HP: 18/18 MP: 1/1
   278 | D:3      | Found a white marble altar of Elyvilon.
   355 | D:3      | Reached XP level 2. HP: 24/24 MP: 2/2
   368 | D:3      | Found Qikhlaol's Jewellery Shoppe.
   682 | D:2      | HP: 1/24 [ball python (3)]
   684 | D:2      | Slain by a hobgoblin

Illustrated notes

Levels and vault maps discovered:
D:1:      nzn_arrival_crosshair, layout_rooms, minmay_pentomino_p4
D:2:      layout_basic, serial_shops, shop, roderic_roman_lattice,
          minmay_misc_feat_roman
D:3:      layout_basic, elyvilon_altar_4, serial_shops, shop

Action                     || total
---------------------------++-------
  Melee: Hand axe          ||    12
         Flail             ||    13
         Punch             ||     1
         Dagger            ||    60
 Armour: Animal skin       ||     4
         Robe              ||     9
         Chain mail        ||    64
  Dodge: Dodged            ||    47
